 Dungeon Crawl Stone Soup version 0.19.0 (webtiles) character file.

4489 Gorglomux the Archer (level 10, -7/88 HPs)
             Began as a Centaur Hunter on Nov 1, 2016.
             Was a Priest of Okawaru.
             Killed from afar by a steam dragon (16 damage)
             ... with a ball of steam
             ... on level 9 of the Dungeon.
             The game lasted 00:28:03 (11794 turns).

Gorglomux the Archer (Centaur Hunter)              Turns: 11794, Time: 00:28:04

Health: -7/88      AC:  4    Str: 18    XL:     10   Next: 16%
Magic:  14/14      EV:  9    Int: 10    God:    Okawaru [***...]
Gold:   148        SH:  3    Dex: 10    Spells: 0 memorised, 9 levels left

rFire  . . .     SeeInvis +     a - +1 shortbow
rCold  . . .     Gourm    .     c - +0 leather armour
rNeg   . . .     Faith    .     (shield currently unavailable)
rPois  .         Spirit   .     (no helmet)
rElec  .         Reflect  +     (no cloak)
rCorr  +         Harm     .     (no gloves)
MR     .....                    (no barding)
Stlth  ..........               F - +3 amulet of reflection
                                O - ring of resist corrosion
                                i - ring of see invisible

@: drained, very quick
A: hooves 3, deformed body, speed 2, tough skin 3
a: Heroism, Renounce Religion


You were on level 9 of the Dungeon.
You worshipped Okawaru.
Okawaru was most pleased with you.
You were not hungry.

You visited 3 branches of the dungeon, and saw 11 of its levels.

You collected 376 gold pieces.
You spent 228 gold pieces at shops.

Inventory:

Hand Weapons
 a - a +1 shortbow (weapon)
 b - a +0 short sword
 M - a +0 longbow
Missiles
 d - 81 arrows (quivered)
Armour
 c - a +0 leather armour (worn)
 Q - a cursed -2 chain mail
Jewellery
 i - a ring of see invisible (left hand)
 F - a +3 amulet of reflection (around neck)
 O - a ring of resist corrosion (right hand)
Wands
 p - a wand of lightning (15/15)
 I - a wand of acid (7/15)
 P - a wand of polymorph (6/24)
 R - a wand of iceblast (8/15)
 V - a wand of lightning (4/15)
Scrolls
 k - 2 scrolls of amnesia
 l - 2 scrolls of recharging
 n - 5 scrolls of teleportation
 u - 2 scrolls of remove curse
 w - a scroll of fog
 x - 2 scrolls of blinking
 y - a scroll of fear {unknown}
 A - 3 scrolls of noise
 D - a scroll of magic mapping
 K - a scroll of torment
 N - a scroll of vulnerability {unknown}
 W - a scroll of enchant armour {unknown}
Potions
 e - a potion of invisibility
 g - 2 potions of lignification
 o - a potion of flight
 q - 2 potions of degeneration
 s - 4 potions of curing
 t - a potion of cure mutation {unknown}
 z - a potion of heal wounds {unknown}
 B - 2 potions of resistance
 E - a potion of agility
 G - 2 potions of cancellation
 H - a potion of berserk rage {unknown}
 J - 2 potions of magic {unknown}
 T - a potion of beneficial mutation {unknown}
Books
 v - a book of Necromancy

   Spells                             Type                      Level
   a - Pain                           Necromancy                   1
   b - Animate Skeleton               Necromancy                   1
   c - Vampiric Draining              Necromancy                   3
   d - Regeneration                   Charms/Necromancy            3
   e - Animate Dead                   Necromancy                   4
   f - Control Undead                 Necromancy                   4
 S - a book of Air

   Spells                             Type                      Level
   a - Shock                          Conjuration/Air              1
   b - Swiftness                      Charms/Air                   2
   c - Repel Missiles                 Charms/Air                   2
   d - Static Discharge               Conjuration/Air              3
   e - Lightning Bolt                 Conjuration/Air              5
Comestibles
 f - 8 bread rations
 h - 3 chunks of flesh
 j - 2 beef jerkies
 m - 6 meat rations
 C - 3 slices of pizza
 L - 8 fruits


   Skills:
 + Level 7.7(6.8) Fighting
 - Level 4.5(3.7) Short Blades
 * Level 14.1(13.0) Bows
 - Level 1.3(0.6) Dodging
 - Level 0.4(0.0) Stealth
 + Level 5.5(4.6) Invocations


You had 9 spell levels left.
You didn't know any spells.

Dungeon Overview and Level Annotations

Branches:
Dungeon (9/15)             Temple (1/1) D:6            Lair (1/6) D:8
    Orc: D:9-12

Altars:
Ashenzari
Elyvilon
Fedhas
Gozag
Hepliaklqana
Kikubaaqudgha
Makhleb
Okawaru
Qazlal
Ru
Sif Muna
Uskayaw
Xom
Yredelemnul
Zin

Shops:
D:4 =   D:5 **(?   D:6 }


Innate Abilities, Weirdness & Mutations

You have hooves in place of feet.
Armour fits poorly on your strangely shaped body.
You cover ground very quickly.
You have extremely tough skin. (AC +3)


Message History

Firing (i - inventory):
d - 83 arrows (quivered)
Press: ? - help, Shift-Dir - straight line, f/p - steam dragon
Aim: a steam dragon (severely wounded)
You shoot an arrow.
The arrow hits the steam dragon but does no damage.
The steam dragon is severely wounded.
Firing (i - inventory):
d - 82 arrows (quivered)
Press: ? - help, Shift-Dir - straight line, f/p - steam dragon
Aim: a steam dragon (severely wounded)
You shoot an arrow.
The arrow closely misses the steam dragon.
The steam dragon breathes steam at you. The ball of steam hits you!
* * * LOW HITPOINT WARNING * * *
Firing (i - inventory):
d - 81 arrows (quivered)
Press: ? - help, Shift-Dir - straight line, f - you
Okay, then.
The steam dragon breathes steam at you. The ball of steam hits you!
You die...

+..##......##.#...#.##.# #.#
#......#............... .# #.#
#..........#..#....###...# #.#
#..........#.............# #.#
#........).....#...#### #.###.#
##..........#...#...#####.#......
.....####...#.#[#.........#####.#
###..####......<....########....(
###.........#.##@....# #.##.#
....}.###.#......§...# ###.#.D#
......##..#.#.##..§[.# #.......
......##.##.....[....# #####.##
......##.##.#..##...>##### #.#
...............##..##....# #.#
##)....#...........##D##.# #D#
#.............##..##.##.#####§#
#.....##......##..##.##§.).##D#


There were no monsters in sight!

Vanquished Creatures
  Pikel (D:7)
  A hippogriff (D:8)
  A spriggan (D:8)
  3 yaks
  A hungry ghost (D:8)
  3 orc warriors
  A phantom (D:8)
  2 slaves (D:7)
  An ice beast (D:7)
  6 ogres
  2 sky beasts (D:8)
  5 centaurs
  3 scorpions
  The ghost of Gorglomux the Shooter, a weakling CeHu of Okawaru (D:3)
  5 wights (D:9)
  2 crimson imps (D:8)
  An orc priest (D:8)
  A bullfrog zombie (D:7)
  2 gnoll shamans
  5 hounds
  3 jellies
  2 bullfrog skeletons
  An iguana (D:8)
  3 orc wizards
  4 worker ants
  4 hound skeletons
  15 adders
  10 gnolls
  A howler monkey skeleton (D:6)
  2 shadow imps
  7 oozes
  3 adder zombies
  An adder skeleton (D:6)
  6 worms
  4 leopard geckos
  10 orcs
  9 giant cockroaches
  5 goblins
  6 hobgoblins
  27 jackals
  A quokka (D:4)
  2 ball pythons (D:4)
  6 bats
  4 frilled lizards
  A jackal skeleton (D:6)
  9 kobolds
  A leopard gecko skeleton (D:4)
  A quokka zombie (D:6)
  4 rats
199 creatures vanquished.

Notes
Turn   | Place    | Note
-------+----------+-------------------------------------------
     0 | D:1      | Gorglomux the Centaur Hunter began the quest for the Orb.
     0 | D:1      | Reached XP level 1. HP: 17/17 MP: 1/1
     1 | D:1      | Found a runed door.
   282 | D:1      | Reached XP level 2. HP: 20/24 MP: 2/2
   863 | D:1      | Noticed an ogre
   899 | D:1      | Killed an ogre
   899 | D:1      | Reached skill level 1 in Short Blades
   899 | D:1      | Reached skill level 6 in Bows
   899 | D:1      | Reached XP level 3. HP: 31/31 MP: 3/3
   899 | D:1      | Reached XP level 4. HP: 38/38 MP: 4/4
  1023 | D:1      | Reached XP level 5. HP: 22/45 MP: 5/5
  1046 | D:1      | Reached skill level 7 in Bows
  2482 | D:3      | Noticed Gorglomux's ghost (weakling CeHu)
  2686 | D:3      | Reached XP level 6. HP: 47/51 MP: 6/6
  2775 | D:3      | Killed Gorglomux's ghost
  2775 | D:3      | Reached skill level 8 in Bows
  3333 | D:4      | Found Apnull's Jewellery Emporium.
  4144 | D:4      | Reached XP level 7. HP: 28/59 MP: 7/7
  4512 | D:4      | Reached skill level 9 in Bows
  4602 | D:5      | Entered Level 5 of the Dungeon
  4700 | D:5      | Found Houmeit's Antique Weapon Shoppe.
  4884 | D:5      | Found Plog's Assorted Antiques.
  4887 | D:5      | Bought a scroll labeled ATORON RO ZEEX for 26 gold pieces
  4887 | D:5      | Bought an inky potion for 23 gold pieces
  4887 | D:5      | Bought a scroll of identify for 52 gold pieces
  4967 | D:5      | Found Atreas Fesaa's General Store.
  4975 | D:5      | Bought a scroll of torment for 82 gold pieces
  5314 | D:5      | Found Ystetola's Magic Scroll Emporium.
  5318 | D:5      | Bought a scroll of magic mapping for 45 gold pieces
  5499 | D:6      | Found a staircase to the Ecumenical Temple.
  5551 | Temple   | Entered the Ecumenical Temple
  5624 | Temple   | Became a worshipper of Warmaster Okawaru
  6091 | D:6      | Reached skill level 10 in Bows
  6091 | D:6      | Reached XP level 8. HP: 20/67 MP: 8/8
  6421 | D:6      | Reached skill level 5 in Fighting
  6425 | D:6      | Found a basalt altar of Yredelemnul.
  7085 | D:6      | Found Pezaxas's Gadget Shoppe.
  7182 | D:6      | Reached * piety under Okawaru
  7787 | D:7      | Reached skill level 11 in Bows
  7787 | D:7      | Reached skill level 1 in Invocations
  8608 | D:7      | Reached XP level 9. HP: 75/75 MP: 10/10
  8682 | D:7      | Noticed Pikel
  8733 | D:7      | Killed Pikel
  8733 | D:7      | Reached ** piety under Okawaru
  8733 | D:7      | Reached skill level 12 in Bows
  9628 | D:8      | Found a staircase to the Lair.
  9656 | Lair:1   | Entered Level 1 of the Lair of Beasts
  9890 | D:8      | Reached skill level 13 in Bows
 10692 | D:8      | Reached skill level 5 in Invocations
 10695 | D:8      | Reached *** piety under Okawaru
 10916 | D:8      | Reached XP level 10. HP: 76/86 MP: 13/13
 11316 | D:9      | Reached skill level 14 in Bows
 11794 | D:9      | Killed from afar by a steam dragon

Skill      XL: |  1  2  3  4  5  6  7  8  9 10 |
---------------+-------------------------------+-----
Fighting       | 3 4 6 7 |  7.7
Short Blades   | 1 2 3 4 |  4.5
Bows           | 6 7 8 10 11 13 14 | 14.1
Invocations    | 2 5 |  5.5
Dodging        | |  1.3
Stealth        | |  0.4

Action                   |  1- 3 |  4- 6 |  7- 9 | 10-12 || total
-------------------------+-------+-------+-------+-------++-------
Melee: Short sword       |    60 |   339 |   276 |    12 ||   687
       Kick              |     6 |    71 |    78 |     3 ||   158
 Fire: Shortbow          |    12 |    46 |   314 |   102 ||   474
Invok: Heroism           |       |       |     2 |     1 ||     3
  Use: Scroll            |       |     4 |     3 |    10 ||    17
  Eat: Chunk             |       |     8 |    13 |     3 ||    24
       Bread ration      |       |       |     1 |       ||     1
Armor: Leather armour    |    26 |   105 |    74 |     6 ||   211
Dodge: Dodged            |    40 |   173 |   109 |    11 ||   333
Block: Other             |       |       |    24 |     2 ||    26
       Reflection        |       |       |     3 |       ||     3
